 Dungeon Crawl Stone Soup version 0.32-a0-540-g866d13106e (webtiles) character file.

Game seed: 11654573958855769568

5536 Sobieck the Grappler (level 10, -3/98 HPs)
             Began as a Troll Fighter on Feb 28, 2024.
             Was a Follower of Wu Jian.
             Slain by a nine-headed hydra (5 damage)
             ... on level 10 of the Dungeon.
             The game lasted 00:12:51 (7468 turns).

Sobieck the Grappler (Troll Fighter)                Turns: 7468, Time: 00:12:51

Health: -3/98      AC:  8    Str: 26    XL:     10   Next: 43%
Magic:  0/9        EV: 10    Int: 12    God:    Wu Jian [*.....]
Gold:   618        SH: 16    Dex: 15    Spells: 9/9 levels left

rFire   . .          .
                       - Unarmed
rCold   . . .        u - +1 tower shield
rNeg    . . .        C - +0 troll leather armour
rPois   .            (helmet restricted)
rElec   .            w - +2 cloak
rCorr   .            (gloves unavailable)
SInv    +            (boots unavailable)
Will    .....        y - amulet of guardian spirit
Stlth   +            x - ring "Xofaimnia" {Int+6 Dex+4}
HPRegen 1.96/turn    s - ring of see invisible
MPRegen 0.11/turn

%: guardian spirit
@: mighty
A: large, unfitting armour, claws 3, regeneration 1, shaggy fur 1, tough skin 1
a: Renounce Religion


You were on level 10 of the Dungeon.
You worshipped Wu Jian.
Wu Jian was aware of your devotion.
You visited 2 branches of the dungeon, and saw 11 of its levels.
You also visited: Ossuary.

You collected 618 gold pieces.

Inventory:

Missiles
 j - 99 stones (quivered)
 k - 11 poisoned darts
 t - 13 boomerangs
 v - 6 javelins
 F - a curare-tipped dart
 Z - a throwing net
Armour
 a - a +0 robe
 b - a +0 kite shield
 u - a +1 tower shield (worn)
 w - a +2 cloak (worn)
 C - a +0 troll leather armour (worn)
Magical Staves
 h - a staff of death
Jewellery
 e - an amulet of faith
 n - a ring of flight
 s - a ring of see invisible (right claw)
 x - the ring "Xofaimnia" (left claw) {Int+6 Dex+4}
   (You found it on level 4 of the Dungeon)

   [ring of intelligence]

   Int+6:     It affects your intelligence (+6).
   Dex+4:     It affects your dexterity (+4).
 y - an amulet of guardian spirit (around neck)
 A - a +6 ring of intelligence
 B - a ring of ice
Wands
 z - a wand of polymorph (2)
 D - a wand of digging (5)
 E - a wand of charming (20)
 I - a wand of iceblast (17)
Scrolls
 d - 3 scrolls of vulnerability
 i - 4 scrolls of enchant armour
 l - 2 scrolls of noise
 r - a scroll of fear
 G - a scroll of blinking
 H - a scroll of enchant weapon
 J - a scroll of immolation
 R - 7 scrolls of identify
 T - 2 scrolls of teleportation
Potions
 c - 2 potions of might
 f - 6 potions of heal wounds
 g - 5 potions of attraction
 m - 3 potions of mutation
 o - 3 potions of resistance
 p - 2 potions of brilliance
 q - 3 potions of ambrosia
 Q - 5 potions of curing


   Skills:
 - Level 6.0 Fighting
 - Level 6.0 Dodging
 - Level 7.0 Shields
 * Level 10.8 Unarmed Combat


You had 9 spell levels left.
You didn't know any spells.
Your spell library contained the following spells:

 Spells                   Type           Power      Damage    Failure   Level
 Apportation              Tloc           0%         N/A       83%         1
 Sandblast                Erth           0%         2d4       83%         1
 Slow                     Hex            0%         N/A       83%         1
 Ensorcelled Hibernation  Hex/Ice        0%         N/A       93%         2
 Jinxbite                 Hex            0%         N/A       93%         2
 Confusing Touch          Hex            0%         N/A       99%         3
 Frozen Ramparts          Ice            0%         1d1       99%         3
 Fugue of the Fallen      Necr           0%         N/A       99%         3
 Ozocubu's Armour         Ice            0%         N/A       99%         3
 Passwall                 Erth           0%         N/A       99%         3
 Sigil of Binding         Hex            0%         N/A       99%         3
 Stone Arrow              Conj/Erth      0%         3d7       99%         3
 Tukima's Dance           Hex            0%         N/A       99%         3
 Vampiric Draining        Necr           0%         2d6       99%         3
 Anguish                  Hex/Necr       0%         N/A       100%        4
 Brom's Barrelling Bould  Conj/Erth      0%         2d3       100%        4
 Cause Fear               Hex            0%         N/A       100%        4
 Dimensional Bullseye     Hex/Tloc       0%         N/A       100%        4
 Iskenderun's Mystic Bla  Conj/Tloc      0%         2d3       100%        4
 Leda's Liquefaction      Alch/Erth      0%         N/A       100%        4
 Petrify                  Alch/Erth      0%         N/A       100%        4
 Vhi's Electric Charge    Tloc/Air       0%         N/A       100%        4
 Alistair's Intoxication  Alch           0%         N/A       100%        5
 Arcjolt                  Conj/Air       0%         1d10      100%        5
 Metabolic Englaciation   Hex/Ice        0%         N/A       100%        5
 Plasma Beam              Fire/Air       0%         2x1d10    100%        6
 Sculpt Simulacrum        Ice/Alch       0%         N/A       100%        6
 Enfeeble                 Hex            0%         N/A       100%        7


Dungeon Overview and Level Annotations

Branches:
Dungeon (10/15)            Temple (1/1) D:5         Ossuary (visited)
   Lair: D:8-11         Orc: D:9-12

Altars:
Ashenzari
Cheibriados
Dithmenos
Elyvilon
Fedhas
Gozag
Hepliaklqana
Kikubaaqudgha
Makhleb
Nemelex Xobeh
Okawaru
Qazlal
Ru
Sif Muna
Trog
Uskayaw
Vehumet
Wu Jian
Xom
Yredelemnul
Zin
The Shining One


Innate Abilities, Weirdness & Mutations

You are too large for most types of armour.
You have claws for hands.
Your natural rate of healing is unusually fast.
You are covered in fur. (AC +1)
You have tough skin. (AC +1)


Message History

The six-headed hydra bites you!
The six-headed hydra bites you but does no damage.
The six-headed hydra bites you!
Unknown command.
You barely miss the six-headed hydra.
The six-headed hydra is lightly wounded.
You block the six-headed hydra's attack.
The six-headed hydra bites you.
The six-headed hydra completely misses you.
You block the six-headed hydra's attack. x2
The six-headed hydra bites you!
* * * LOW HITPOINT WARNING * * *
You claw one of the six-headed hydra's heads off!
The five-headed hydra grows two more!
You mangle the seven-headed hydra!!
The seven-headed hydra is moderately wounded.
You block the seven-headed hydra's attack. x2
The seven-headed hydra bites you.
* * * LOW HITPOINT WARNING * * *
The seven-headed hydra bites you but does no damage.
The seven-headed hydra closely misses you.
The seven-headed hydra bites you!
* * * LOW HITPOINT WARNING * * *
The seven-headed hydra bites you!
* * * LOW HITPOINT WARNING * * *
You tear one of the seven-headed hydra's heads off!
The six-headed hydra grows two more!
You eviscerate the eight-headed hydra!!!
The eight-headed hydra is severely wounded.
The eight-headed hydra bites you but does no damage.
You block the eight-headed hydra's attack.
The eight-headed hydra closely misses you.
The eight-headed hydra bites you but does no damage.
The eight-headed hydra bites you!
* * * LOW HITPOINT WARNING * * *
The eight-headed hydra barely misses you.
The eight-headed hydra bites you.
* * * LOW HITPOINT WARNING * * *
The eight-headed hydra closely misses you.
You rip one of the eight-headed hydra's heads off!
The seven-headed hydra grows two more!
You mangle the nine-headed hydra!!
The nine-headed hydra is almost dead.
You block the nine-headed hydra's attack.
The nine-headed hydra bites you!
* * * LOW HITPOINT WARNING * * *
The nine-headed hydra bites you!
* * * LOW HITPOINT WARNING * * *
You block the nine-headed hydra's attack. x2
The nine-headed hydra bites you but does no damage.
The nine-headed hydra bites you.
You die...

.........≈≈≈≈.≈≈≈≈...
#.......................
#...........≈≈≈≈.≈≈≈≈...
#...........≈.......≈...
#...........≈.≈≈.≈≈.≈...
#......)......≈...≈.....
#...........≈≈≈._.≈≈≈..)
#.......................
#......@....####........
#......D....####........
........................
####....................
#........########..##
#........# #..#
#........# #.<#
#$.......# #..#
#........# #..#


You could see a nine-headed hydra.

Vanquished Creatures
  2 two-headed ogres (D:8)
  Joseph (D:7)
  A troll (D:9)
  A hornet (D:8)
  A vampire (D:8)
  2 wyverns (D:7)
  A steam dragon (D:9)
  Menkaure (D:6)
  A sky beast (D:7)
  2 black bears (D:5)
  An ice beast (D:5)
  5 ogres
  4 centaurs
  A phantom (D:4)
  A kobold brigand (D:7)
  3 bullfrogs
  A gnoll sergeant (D:5)
  2 scorpions
  A burial acolyte (Ossuary)
  2 wights (Ossuary)
  5 killer bees
  A gnoll bouda (D:8)
  3 orc priests
  2 jellies
  A bombardier beetle (D:5)
  A hound (D:5)
  A bullfrog skeleton (D:7)
  An iguana (D:5)
  Crazy Yiuf (D:2)
  A sleepcap (D:6)
  Terence (D:2)
  Natasha (thrice) (D:2)
  2 orc wizards (D:7)
  A scorpion zombie (D:7)
  2 killer bee zombies (D:7)
  A mummy (Ossuary)
  2 howler monkey skeletons (D:7)
  7 adders
  16 gnolls
  A shadow imp (D:5)
  A white imp (D:6)
  3 dart slugs
  2 ribbon worms
  19 orcs
  5 endoplasms
  2 giant cockroaches
  5 goblins
  7 hobgoblins
  2 jackals (D:4)
  10 kobolds
  4 quokkas
  15 ball pythons
  7 bats
  6 frilled lizards
  2 gnoll skeletons (Ossuary)
  7 kobold skeletons (Ossuary)
  11 orc skeletons (Ossuary)
  7 rats
202 creatures vanquished.

Vanquished Creatures (others)
  An orc wizard (D:8)
1 creature vanquished.

Grand Total: 203 creatures vanquished

Notes
Turn   | Place    | Note
-------+----------+-------------------------------------------
     0 | D:1      | Sobieck the Troll Fighter began the quest for the Orb.
     0 | D:1      | Reached XP level 1. HP: 22/22 MP: 0/0
   116 | D:1      | Reached XP level 2. HP: 28/29 MP: 1/1
   325 | D:1      | Found a faded altar of an unknown god.
   644 | D:1      | Reached XP level 3. HP: 36/36 MP: 2/2
   909 | D:2      | Reached skill level 3 in Shields
  1032 | D:2      | Found a runed translucent door.
  1033 | D:2      | Noticed Crazy Yiuf
  1193 | D:2      | Killed Crazy Yiuf
  1194 | D:2      | Reached skill level 3 in Unarmed Combat
  1194 | D:2      | Reached XP level 4. HP: 28/44 MP: 3/3
  1297 | D:2      | Noticed Natasha
  1310 | D:2      | Killed Natasha
  1436 | D:2      | Noticed Natasha
  1444 | D:2      | Killed Natasha
  1445 | D:2      | Reached skill level 3 in Fighting
  1445 | D:2      | Reached skill level 3 in Dodging
  1445 | D:2      | Reached XP level 5. HP: 43/53 MP: 4/4
  1460 | D:2      | Noticed Natasha
  1469 | D:2      | Killed Natasha
  1499 | D:2      | Found a white marble altar of Elyvilon.
  1665 | D:2      | Noticed Terence
  1672 | D:2      | Killed Terence
  2078 | D:3      | Reached skill level 4 in Unarmed Combat
  2413 | D:4      | Found a hide-covered altar of Uskayaw.
  2552 | D:4      | Noticed a phantom
  2565 | D:4      | Killed a phantom
  2566 | D:4      | Reached XP level 6. HP: 53/61 MP: 5/5
  2867 | D:4      | Reached XP level 7. HP: 26/67 MP: 6/6
  3023 | D:4      | You are sucked into a shaft and drop 3 floors!
  3039 | D:6      | Reached skill level 5 in Unarmed Combat
  3051 | D:7      | Found a stormy altar of Qazlal.
  3051 | D:7      | Found a glowing silver altar of Zin.
  3066 | D:7      | Found a sand-covered staircase.
  3078 | Ossuary  | Entered an ossuary
  3267 | Ossuary  | Found an ancient bone altar of Kikubaaqudgha.
  3394 | D:6      | Noticed Menkaure
  3399 | D:6      | Killed Menkaure
  3400 | D:6      | Reached skill level 6 in Unarmed Combat
  3448 | D:5      | Entered Level 5 of the Dungeon
  3474 | D:4      | Identified the ring "Xofaimnia" {Int+6 Dex+4}
  3796 | D:5      | Reached XP level 8. HP: 78/78 MP: 7/7
  4031 | D:5      | Found a staircase to the Ecumenical Temple.
  4043 | D:5      | Reached skill level 7 in Unarmed Combat
  4047 | Temple   | Entered the Ecumenical Temple
  4069 | Temple   | Became a worshipper of the Wu Jian Council
  4202 | D:5      | Found a burning altar of Makhleb.
  5169 | D:7      | Reached XP level 9. HP: 83/88 MP: 6/8
  5339 | D:7      | Reached skill level 8 in Unarmed Combat
  5339 | D:7      | Noticed Joseph
  5358 | D:7      | Killed Joseph
  5504 | D:7      | Reached skill level 6 in Shields
  5860 | D:8      | Found a snail-covered altar of Cheibriados.
  6136 | D:8      | Reached skill level 9 in Unarmed Combat
  6202 | D:8      | Noticed a two-headed ogre
  6208 | D:8      | Killed a two-headed ogre
  6208 | D:8      | Reached * piety under Wu Jian
  6209 | D:8      | Reached XP level 10. HP: 83/98 MP: 6/9
  6466 | D:8      | Found a white marble altar of Elyvilon.
  6564 | D:9      | Reached skill level 6 in Dodging
  6601 | D:8      | Reached skill level 6 in Fighting
  6669 | D:9      | Noticed a two-headed ogre
  6749 | D:8      | Killed a two-headed ogre
  6750 | D:8      | Reached skill level 10 in Unarmed Combat
  7412 | D:10     | Entered Level 10 of the Dungeon
  7412 | D:10     | Found a sacrificial altar of Ru.
  7422 | D:10     | Found a bloodstained altar of Trog.
  7459 | D:10     | Noticed a four-headed hydra
  7468 | D:10     | HP: 2/98 [nine-headed hydra (11)]
  7468 | D:10     | Slain by a nine-headed hydra

Illustrated notes

Levels and vault maps discovered:
D:1:      wander_arrival_fairy_ring, layout_loops_corners,
          hellmonk_ecumenical_altar_leap_of_faith, roderic_roman_lattice
D:2:      layout_loops_corners, basic_altar, kennysheep_generic_room_11,
          uniq_crazy_yiuf_cottage, uniq_terence, uniq_natasha
D:3:      layout_rooms, dk_vineyard_3
D:4:      layout_cave_pods, general_overflow_altar
D:5:      minmay_spotlight, layout_loops_cross, kennysheep_mini,
          minmay_temple_entry_antechambers
D:6:      layout_loops_ring, kennysheep_generic_room_14, uniq_menkaure
D:7:      layout_loops_ring, chequers_temple_overflow_statue_of_worship,
          mainiacjoe_ossuary_entry_find_the_door, kennysheep_small_spiral,
          solitary_fountain, uniq_joseph
D:8:      layout_gridville, amcnicky_altar_gilded, nicolae_elyvilon_temple_path
D:9:      layout_loops_ring
D:10:     layout_small_grid, mainiacjoe_overflow_large_starburst,
          minmay_orc_entry_temple_small
Temple:   jpeg_temple_clearing

Skill      XL: |  1  2  3  4  5  6  7  8  9 10 |
---------------+-------------------------------+-----
Shields        | 3 4 5 6 7 |  7.0
Unarmed Combat | 3 4 6 7 9 10 | 10.8
Fighting       | 3 4 5 6 |  6.0
Dodging        | 3 4 5 6 |  6.0

Action                     |  1- 3 |  4- 6 |  7- 9 | 10-12 || total
---------------------------+-------+-------+-------+-------++-------
  Melee: Unarmed           |    83 |   191 |   261 |    69 ||   604
Ability: Lunge             |       |       |     5 |     2 ||     7
         Whirlwind         |       |       |       |    18 ||    18
    Use: Scroll            |       |    11 |     5 |     2 ||    18
         Potion            |       |       |       |     1 ||     1
   Stab: Sleeping          |     1 |     1 |     3 |       ||     5
 Armour: Robe              |    34 |   122 |   101 |    55 ||   312
         Troll leather arm |       |       |       |    21 ||    21
  Dodge: Dodged            |    20 |    74 |    48 |    52 ||   194
  Block: Kite shield       |    23 |    86 |    24 |       ||   133
         Tower shield      |       |       |   119 |   125 ||   244

Table legend: (Time is in decaauts)
 A = Elapsed time spent in this place.
 B = Non-inter-level travel time spent in this place.
 C = Inter-level travel time spent in this place.
 D = Time resting spent in this place.
 E = Time spent auto-exploring this place.
 F = Levels seen in this place.
 G = Mean time per level.
                   A        B        C        D        E       F      G
               +--------+--------+--------+--------+--------+-----+--------+
         Total |   7528 |   7161 |    367 |    150 |   5499 |  12 |  627.3 |
       Dungeon |   7213 |   6889 |    324 |    150 |   5442 |  10 |  721.3 |
        Temple |     44 |      1 |     43 |      0 |      0 |   1 |   44.0 |
       Ossuary |    269 |    269 |      0 |      0 |     57 |   1 |  269.0 |
               +--------+--------+--------+--------+--------+-----+--------+

Top non-repeatable levels by time:
     D:2: 1052 daAuts
     D:4: 980 daAuts
     D:8: 892 daAuts
     D:1: 874 daAuts
     D:7: 844 daAuts
     D:5: 758 daAuts
     D:9: 671 daAuts
     D:6: 624 daAuts
     D:3: 459 daAuts
 Ossuary: 269 daAuts
    D:10: 55 daAuts
  Temple: 44 daAuts
